 Dungeon Sprint DCSS version 0.24.0-1-gfbc8707 (webtiles) character file.

Game seed: 11130673273381466172, levelgen mode: deterministic

10658 Fang the Warrior (level 11, -1/121 HPs)
             Began as a Gargoyle Berserker on Nov 6, 2019.
             Was the Champion of Trog.
             Slain by Qotemih the pandemonium lord (20 damage)
             ... in the Dungeon (Sprint V: "Ziggurat Sprint").
             The game lasted 00:03:30 (1087 turns).

Fang the Warrior (Gargoyle Berserker)               Turns: 1087, Time: 00:03:30

Health: -1/121     AC: 43    Str: 28      XL:     11   Next: 65%
Magic:  12/20      EV: 10    Int:  9 (10) God:    Trog [******]
Gold:   0          SH: 31    Dex: 20      Spells: 10/10 levels left

rFire    . . .     SeeInvis +   C - +9 broad axe "Zadoad" {holy, rPois MP+9 Stlth+}
rCold    + . .     Gourm    .   E - +18 shield of the Gong {rElec rN+ MR+ EV-5}
rNeg     + + +     Faith    .   b - +15 Maxwell's patent armour {-Cast -Tele rElec MR+ rCorr}
rPois    ∞         Spirit   .   A - +0 helmet {SInv}
rElec    +         Reflect  .   (no cloak)
rCorr    +         Harm     .   (no gloves)
MR       ++++.     NoTele   +   g - +1 pair of boots "Ufus" {-Tele rElec rCorr Int-5} Stlth ..........NoCast +
                                (no amulet)
HPRegen  0.30/turn              F - ring of Circularity {MR+ Str-2 Int+3 Dex+9}
MPRegen  0.17/turn              y - ring "Cyfoe" {rC+ rN+ MR+ Int+3}

@: berserking (expiring), studying 2 skills, very quick
A: agile 1, clever 1, mutation resistance 1, negative energy resistance 1,
electricity resistance, unbreathing, petrification resistance, rot immunity, AC
+8
a: Berserk, Trog's Hand, Brothers in Arms, Renounce Religion


You were in the Dungeon.
You worshipped Trog.
Trog was exalted by your worship.
You were very hungry.

You visited 1 branch

Inventory:

Hand Weapons
 a - a +5 broad axe
 C - the +9 broad axe "Zadoad" (weapon) {holy, rPois MP+9 Stlth+}
   (You took it off a yaktaur in the Dungeon)

   It has been blessed by the Shining One to cause great damage to the undead
   and demons.
   It protects you from poison.
   It affects your magic capacity (+9).
   It makes you more stealthy.
Armour
 b - the +15 Maxwell's patent armour (worn) {-Cast -Tele rElec MR+ rCorr}
   (You found it in the Dungeon)

   It insulates you from electricity.
   It affects your resistance to hostile enchantments.
   It prevents spellcasting.
   It prevents most forms of teleportation.
   It provides partial protection from all sources of acid and corrosion.
 g - the +1 pair of boots "Ufus" (worn) {-Tele rElec rCorr Int-5}
   (You acquired it in the Dungeon)

   It affects your intelligence (-5).
   It insulates you from electricity.
   It prevents most forms of teleportation.
   It provides partial protection from all sources of acid and corrosion.
 A - a +0 helmet of see invisible (worn)
 E - the +18 shield of the Gong (worn) {rElec rN+ MR+ EV-5}
   (You found it in the Dungeon)

   It affects your evasion (-5).
   It insulates you from electricity.
   It protects you from negative energy.
   It affects your resistance to hostile enchantments.
Jewellery
 o - an uncursed amulet of the gourmand
 x - a +3 ring of dexterity
 y - the ring "Cyfoe" (right hand) {rC+ rN+ MR+ Int+3}
   (You found it in the Dungeon)

   [ring of positive energy]

   It affects your intelligence (+3).
   It protects you from cold.
   It protects you from negative energy.
   It affects your resistance to hostile enchantments.
 F - the ring of Circularity (left hand) {MR+ Str-2 Int+3 Dex+9}
   (You found it in the Dungeon)

   [ring of intelligence]

   It affects your strength (-2).
   It affects your intelligence (+3).
   It affects your dexterity (+9).
   It affects your resistance to hostile enchantments.
Wands
 u - a wand of disintegration (7)
 v - a wand of iceblast (7)
 w - a wand of acid (7)
Scrolls
 i - 4 scrolls of blinking
 j - 10 scrolls of fog
 k - a scroll of holy word
 l - 4 scrolls of identify
 m - 5 scrolls of remove curse
 n - 2 scrolls of fear
Potions
 d - 10 potions of curing
 e - 10 potions of heal wounds
 f - 6 potions of haste
 h - 3 potions of berserk rage
 p - 2 potions of invisibility
 q - 4 potions of resistance
 r - a potion of experience
 s - 5 potions of agility
 t - 5 potions of might
Books
 z - a manual of Throwing
 D - a manual of Staves
Comestibles
 c - 7 rations
 B - 23 chunks of flesh


   Skills:
 * Level 15.3 Fighting
 * Level 13.2 Axes
 + Level 13.9 Armour
 + Level 11.1 Dodging
 * Level 9.9 Shields


You had 10 spell levels left.
You didn't know any spells.
Your spell library was empty.

Dungeon Overview and Level Annotations

Branches:
Dungeon (1/1)

Altars:
Ashenzari
Cheibriados
Dithmenos
Elyvilon
Fedhas
Gozag
Hepliaklqana
Kikubaaqudgha
Makhleb
Nemelex Xobeh
Okawaru
Qazlal
Ru
Sif Muna
Trog
Uskayaw
Vehumet
Wu Jian
Xom
Yredelemnul
Zin
The Shining One
Beogh
Jiyva
Lugonu

Annotations:
D 1 transporter


Innate Abilities, Weirdness & Mutations

You are resistant to torment.
Your stone body is resilient. (AC +8)
You are immune to poison.
You resist negative energy. (rN+)
You are resistant to electric shocks. (rElec)
You can survive without breathing.
You are immune to petrification.
You are immune to rotting.
You are agile. (Dex +2)
Your mind is acute. (Int +2)
You are somewhat resistant to further mutation.


Message History

Your shield and Maxwell's patent armour prevent you from hitting the ice devil.
You slice the ynoxinul!!
The ynoxinul convulses!!
You kill the ynoxinul!
Trog accepts your kill. You block Qotemih's attack.
BONNNG!
The neqoxec gestures.
Uxzoc hits you!
* * * LOW HITPOINT WARNING * * *
Space bends around you.
* * * LOW HITPOINT WARNING * * *
You block the ice devil's attack.
PTOANNNG!
You block the orange demon's attack.
GONNNNG!
You slice Qotemih!!
Qotemih convulses!!
Qotemih is severely wounded.
You closely miss the crimson imp. You slash the ice devil!
The ice devil convulses!
You slash Uxzoc!
Uxzoc convulses.
Qotemih hits you!!
You die...

▓▓▓▓▓▓▓▓▓▓▓▓
▓...8©8...▓...8©8...▓.
▓..".:):).▓..}).::..▓.
▓..):=):..▓...[}:|..▓.
▓....5....▓.........▓.
▓....3.5..▓.........▓.
▓..4.345..▓.........▓.
▓...5&&...▓.........▓(
▓...4@....▓....†÷...▓.
▓.........▓.▓..)..▓.▓.
▓....©....▓....©....▓▓
▓▓▓▓▓▓▓▓▓▓▓▓▓▓▓▓▓▓▓▓▓


You could see Qotemih, Uxzoc, an orange demon, an ice devil, a smoke demon, a
neqoxec, a red devil, an iron imp, a quasit, a crimson imp and a white imp.

Vanquished Creatures
  A hydra (D)
  A yaktaur captain (D)
  A soul eater (D)
  3 cyclopes (D)
  A shining eye (D)
  A rust devil (D)
  An eye of devastation (D)
  3 spiny frogs (D)
  3 yaktaurs (D)
  2 polar bears (D)
  A blink frog (D)
  3 hornets (D)
  3 slime creatures (D)
  5 spriggans (D)
  A ynoxinul (D)
  A golden eye (D)
  A chaos spawn (D)
  2 porcupines (D)
  2 orc warriors (D)
  2 ice beasts (D)
  2 wolves (D)
  2 centaurs (D)
  2 bullfrogs (D)
  6 jellies (D)
  5 orc priests (D)
  4 orc wizards (D)
  An ooze (D)
  3 adder zombies (D)
  An adder skeleton (D)
  5 orcs (D)
  A jackal zombie (D)
  A leopard gecko zombie (D)
71 creatures vanquished.

Vanquished Creatures (others)
  A spatial maelstrom (D)
  Sigmund (D)
  Edmund (D)
  Blork the orc (D)
4 creatures vanquished.

Grand Total: 75 creatures vanquished

Notes
Turn   | Place    | Note
-------+----------+-------------------------------------------
     0 | D        | Fang the Gargoyle Berserker began the quest for the Orb.
     0 | D        | Reached XP level 1. HP: 14/14 MP: 1/1
     0 | D        | Found a blossoming altar of Fedhas.
     1 | D        | Found the +6 Majin-Bo {vamp, Archmagi MP+6 Int+6}
     1 | D        | Found the +7 great mace "Firestarter" {inner flame, rF++}
     1 | D        | Found a transporter.
     1 | D        | Found a viscous altar of Jiyva.
     1 | D        | Found an ancient bone altar of Kikubaaqudgha.
     1 | D        | Found a hazy altar of Hepliaklqana.
     1 | D        | Found a corrupted altar of Lugonu.
     1 | D        | Found an opulent altar of Gozag.
     1 | D        | Found a burning altar of Makhleb.
     4 | D        | Killed Blork the orc
     5 | D        | Banished a spatial maelstrom
    17 | D        | Found a stormy altar of Qazlal.
    17 | D        | Found an iron altar of Okawaru.
    17 | D        | Found a sacrificial altar of Ru.
    17 | D        | Found a sparkling altar of Nemelex Xobeh.
    17 | D        | Found a shimmering blue altar of Sif Muna.
    17 | D        | Found a bloodstained altar of Trog.
    24 | D        | Found the +9 heavy crossbow "Sniper" {velocity, Acc+∞ SInv}
    24 | D        | Found the +10 dark maul {crush}
    24 | D        | Found the +15 Maxwell's patent armour {-Cast -Tele rElec
                  | MR+ rCorr}
    24 | D        | Found the +18 shield of the Gong {rElec rN+ MR+ EV-5}
    24 | D        | Found the cursed +14 obsidian axe {chop, +Fly SInv *Curse}
    81 | D        | Entered arena 2.
    81 | D        | Noticed a jelly
    81 | D        | Noticed a jelly
    81 | D        | Found a transporter.
    83 | D        | Killed a jelly
    83 | D        | Reached skill level 4 in Fighting
    83 | D        | Reached XP level 2. HP: 20/20 MP: 2/2
    83 | D        | Reached XP level 3. HP: 24/24 MP: 3/3
    84 | D        | Reached skill level 5 in Fighting
    84 | D        | Reached XP level 4. HP: 31/31 MP: 4/4
   132 | D        | Entered arena 3.
   132 | D        | Found a transporter.
   136 | D        | Reached ** piety under Trog
   148 | D        | Entered arena 4.
   148 | D        | Noticed an ice beast
   148 | D        | Noticed an ice beast
   148 | D        | Noticed a polar bear
   148 | D        | Noticed a polar bear
   148 | D        | Found a transporter.
   153 | D        | Killed an ice beast
   153 | D        | Reached skill level 6 in Fighting
   153 | D        | Reached skill level 5 in Axes
   153 | D        | Reached XP level 5. HP: 37/37 MP: 5/5
   157 | D        | Killed an ice beast
   157 | D        | Reached *** piety under Trog
   157 | D        | Reached skill level 7 in Fighting
   157 | D        | Reached skill level 5 in Dodging
   157 | D        | Reached XP level 6. HP: 44/44 MP: 6/6
   161 | D        | Killed a polar bear
   161 | D        | Reached skill level 8 in Fighting
   161 | D        | Reached XP level 7. HP: 23/50 MP: 7/7
   161 | D        | Killed a polar bear
   161 | D        | Reached skill level 9 in Fighting
   209 | D        | Killed Sigmund
   364 | D        | Killed Edmund
   381 | D        | Entered arena 5.
   381 | D        | Noticed a slime creature
   381 | D        | Found a transporter.
   384 | D        | Reached **** piety under Trog
   387 | D        | Killed a slime creature
   387 | D        | Reached skill level 10 in Fighting
   387 | D        | Reached XP level 8. HP: 55/57 MP: 8/8
   398 | D        | Got a pair of ichor-stained boots
   404 | D        | Identified the +1 pair of boots "Ufus" {-Tele rElec rCorr
                  | Int-5} (You acquired it in the Dungeon)
   407 | D        | Entered arena 6.
   407 | D        | Found a transporter.
   413 | D        | Reached ***** piety under Trog
   521 | D        | Entered arena 7.
   522 | D        | Found a transporter.
   524 | D        | Received a gift from Trog
   525 | D        | Reached skill level 10 in Armour
   538 | D        | Entered arena 8.
   538 | D        | Noticed a spriggan rider
   538 | D        | Noticed a spriggan rider
   538 | D        | Noticed a spriggan rider
   538 | D        | Noticed a spriggan
   538 | D        | Noticed a spriggan
   539 | D        | Found a transporter.
   553 | D        | Killed a spriggan
   556 | D        | Killed a spriggan rider
   556 | D        | Killed a hornet
   556 | D        | Reached skill level 11 in Fighting
   556 | D        | Reached XP level 9. HP: 64/64 MP: 9/9
   560 | D        | Received a gift from Trog
   560 | D        | Reached skill level 10 in Axes
   566 | D        | Killed a hornet
   568 | D        | Reached skill level 12 in Fighting
   574 | D        | Killed a spriggan rider
   574 | D        | Killed a hornet
   574 | D        | Reached XP level 10. HP: 55/72 MP: 10/10
   611 | D        | Got the ring "Cyfoe" {rC+ rN+ MR+ Int+3}
   644 | D        | Entered arena 9.
   644 | D        | Noticed an eye of devastation
   644 | D        | Noticed a shining eye
   644 | D        | Gained mutation: Your mind is acute. (Int +2) [a shining
                  | eye]
   645 | D        | Found a transporter.
   647 | D        | Reached ****** piety under Trog
   647 | D        | Reached skill level 1 in Shields
   650 | D        | Gained mutation: You are somewhat resistant to further
                  | mutation. [a shining eye]
   651 | D        | Gained mutation: You are agile. (Dex +2) [a shining eye]
   655 | D        | Killed a shining eye
   655 | D        | Reached skill level 13 in Fighting
   655 | D        | Reached skill level 10 in Dodging
   657 | D        | Received a gift from Trog
   661 | D        | Killed an eye of devastation
   809 | D        | Entered arena 10.
   810 | D        | Identified the +7 halberd "Giantslayer" {holy, +Blink rElec
                  | MP+9 Int-3}
   810 | D        | Found a transporter.
   820 | D        | Received a gift from Trog
   823 | D        | Reached skill level 5 in Shields
   836 | D        | Got the ring of Circularity {MR+ Str-2 Int+3 Dex+9}
   852 | D        | Entered arena 11.
   852 | D        | Noticed a cyclops
   852 | D        | Noticed a cyclops
   852 | D        | Noticed a cyclops
   852 | D        | Noticed a yaktaur captain
   853 | D        | Identified the +9 broad axe "Zadoad" {holy, rPois MP+9
                  | Stlth+}
   854 | D        | Found a transporter.
   861 | D        | Killed a cyclops
   862 | D        | Killed a yaktaur captain
   867 | D        | Killed a cyclops
   867 | D        | Reached skill level 14 in Fighting
   870 | D        | Killed a cyclops
   870 | D        | Received a gift from Trog
   870 | D        | Reached XP level 11. HP: 62/80 MP: 11/11
   956 | D        | Entered arena 12.
   956 | D        | Noticed a four-headed hydra
   962 | D        | Received a gift from Trog
   976 | D        | Killed a 16-headed hydra
   976 | D        | Reached skill level 15 in Fighting
   978 | D        | Found a transporter.
  1074 | D        | Entered arena 13.
  1074 | D        | Noticed Uxzoc the pandemonium lord
  1074 | D        | Noticed Qotemih the pandemonium lord
  1074 | D        | Noticed a soul eater
  1076 | D        | Found a transporter.
  1079 | D        | Killed a soul eater
  1079 | D        | Received a gift from Trog
  1087 | D        | Slain by Qotemih the pandemonium lord

Levels and vault maps discovered:
D:        sprint_v [room_start, room_1, room_2, room_3, room_4, room_5, room_6,
          room_7, room_8, room_9, room_10, room_11, room_12, room_13, room_14,
          room_15, room_16, room_17, room_18, room_19, room_20, room_21,
          room_22, room_23, room_24, room_25, room_26, room_27]

Skill      XL: |  1  2  3  4  5  6  7  8  9 10 11 |
---------------+----------------------------------+-----
Fighting       | 4 5 6 7 8 10 11 12 14 15 | 15.3
Axes           | 3 4 5 6 7 8 9 10 12 13 | 13.2
Armour         | 3 4 6 7 8 9 11 12 13 | 13.9
Dodging        | 2 3 4 5 6 7 8 9 10 11 | 11.1
Shields        | 7 9 |  9.9

Action                   |  1- 3 |  4- 6 |  7- 9 | 10-12 || total
-------------------------+-------+-------+-------+-------++-------
Melee: Broad axe         |     2 |    14 |    50 |    73 ||   139
Invok: Berserk           |     1 |     1 |     1 |     3 ||     6
  Use: Scroll            |       |       |     2 |     1 ||     3
  Eat: Chunk             |       |       |     1 |     4 ||     5
Armor: Plate armour      |       |    33 |    41 |    76 ||   150
Dodge: Dodged            |       |     2 |     6 |    20 ||    28
Block: Shield            |     1 |    41 |    88 |   159 ||   289
